 Dungeon Crawl Stone Soup version 0.21.1-1-g345015f (webtiles) character file.

65 lyrx the Scratcher (level 3, 0/15 HPs)
             Began as a Felid Transmuter on Mar 2, 2018.
             Slain by a hobgoblin
             ... wielding a +0 club
              (5 damage)
             ... on level 2 of the Dungeon.
             The game lasted 00:12:19 (2191 turns).

lyrx the Scratcher (Felid Transmuter)               Turns: 2191, Time: 00:12:20

Health: 0/15       AC:  1    Str:  6    XL:     3   Next: 94%
Magic:  5/7        EV: 18    Int: 14    God:
Gold:   59         SH:  0    Dex: 17    Spells: 3/6 levels left
                                        Lives:  0   Deaths: 0

rFire    . . .     SeeInvis +     - Unarmed
rCold    . . .     Gourm    .   (shield unavailable)
rNeg     . . .     Faith    .   (armour unavailable)
rPois    .         Spirit   .   (helmet unavailable)
rElec    .         Reflect  .   (cloak unavailable)
rCorr    .         Harm     .   (gloves unavailable)
MR       .....                  (boots unavailable)
Stlth    +++.......             (no amulet)
HPRegen  0.05/turn              (no ring)
MPRegen  0.10/turn              (no ring)

@: quick
A: very small, no armour, no weapons or thrown items, stealth, claws 1, fangs 3,
see invisible, carnivore, speed 1, shaggy fur 1, slow metabolism 1, sharp paws
a: no special abilities


You were on level 2 of the Dungeon.
You were full.

You visited 1 branch of the dungeon, and saw 2 of its levels.

You collected 59 gold pieces.

Inventory:

Missiles
 a - 17 arrows
Scrolls
 d - 2 scrolls of identify {unknown}
 f - 2 scrolls of remove curse
Potions
 e - a potion of flight
Books
 b - a book of Changes

   Spells                             Type                      Level
   a - Beastly Appendage              Transmutation                1
   b - Sticks to Snakes               Transmutation                2
   c - Spider Form                    Transmutation/Poison         3
   d - Ice Form                       Ice/Transmutation            4
   e - Blade Hands                    Transmutation                5
Comestibles
 c - a ration


   Skills:
 - Level 1.0 Fighting
 + Level 3.1 Dodging
 * Level 3.4 Stealth
 + Level 3.8 Unarmed Combat
 - Level 2.0 Spellcasting
 + Level 2.4 Transmutations


You had 3 spell levels left.
You knew the following spells:

 Your Spells              Type           Power        Failure   Level  Hunger
a - Beastly Appendage     Tmut           #.....       9%          1    ##.....
b - Sticks to Snakes      Tmut           #.......     13%         2    ###....


Dungeon Overview and Level Annotations

Branches:
Dungeon (2/15)

Altars:
Zin

Annotations:
D:2 1 runed door


Innate Abilities, Weirdness & Mutations

You cannot wear armour.
You are incapable of wielding weapons or throwing items.
Your paws allow you to move quietly. (Stealth)
You have sharp claws.
You have razor-sharp teeth.
You have supernaturally acute eyesight. (SInv)
You are carnivorous and can eat meat at any time.
You cover ground quickly.
You are covered in fur. (AC +1)
You have a slow metabolism.
Your sharp claws are effective at attacking unaware monsters.


Message History

A hobgoblin comes into view. It is wielding a club.
Found 9 gold pieces.
The hobgoblin shouts!
The hobgoblin barely misses you.
You scratch the hobgoblin but do no damage.
Your bite misses the hobgoblin. The hobgoblin completely misses you.
You closely miss the hobgoblin. The hobgoblin hits you with a club.
You closely miss the hobgoblin. Your claw misses the hobgoblin.
The hobgoblin completely misses you.
You closely miss the hobgoblin. The hobgoblin hits you with a club.
You scratch the hobgoblin. Your bite misses the hobgoblin.
The hobgoblin is severely wounded.
An ooze comes into view.
You barely miss the hobgoblin.
The hobgoblin is severely wounded.
The hobgoblin hits you with a club.
Casting: Sticks to Snakes
Confirm with . or Enter, or press ? or * to list all spells.
You create a snake!
You now have 17 arrows.
The hobgoblin hits you with a club.
You die...

#.# #...# #.#
######...##
#####.###.........^
..#...............
#.#...##..........
#.#...##.##.#...#.
#S....##.##.#...#.
#J#.####.#......#.
#@#.# #.#..#...#.
#g#.. ..#....(...
#.#### ###.##...##
#$# #........ #.#
########'#### ..#
#...#≈≈≈.≈≈≈# ###
#...#≈≈...≈≈#
#...#≈.....≈#
##..'...)...+


You could see an ooze, a hobgoblin and a friendly ball python.

Vanquished Creatures
  2 adders (D:2)
  A worm (D:2)
  A dart slug (D:1)
  A leopard gecko (D:1)
  2 ball pythons
  7 bats
  A giant cockroach (D:2)
  4 goblins (D:1)
  3 hobgoblins
  2 jackals (D:1)
  2 kobolds
  7 frilled lizards
  4 rats
37 creatures vanquished.

Vanquished Creatures (collateral kills)
  An adder (D:2)
  A frilled lizard (D:2)
  A kobold (D:1)
3 creatures vanquished.

Grand Total: 40 creatures vanquished

Notes
Turn   | Place    | Note
-------+----------+-------------------------------------------
     0 | D:1      | lyrx the Felid Transmuter began the quest for the Orb.
     0 | D:1      | Reached XP level 1. HP: 9/9 MP: 4/4
   124 | D:1      | Reached XP level 2. HP: 11/12 MP: 6/6
   128 | D:1      | Learned a level 2 spell: Sticks to Snakes
   212 | D:1      | Reached skill level 1 in Stealth
  1263 | D:2      | Found a glowing silver altar of Zin.
  1274 | D:2      | Reached XP level 3. HP: 15/15 MP: 7/7
  1608 | D:2      | Found a runed door.
  2191 | D:2      | Slain by a hobgoblin

Skill      XL: |  1  2  3 |
---------------+----------+-----
Stealth        | 2 3 |  3.4
Dodging        | 3 |  3.1
Fighting       | |  1.0
Unarmed Combat | |  3.8
Spellcasting   | |  2.0
Transmutations | |  2.4

Action                   || total
-------------------------++-------
Melee: Unarmed           ||    91
       Bite              ||     4
 Cast: Sticks to Snakes  ||     9
  Use: Scroll            ||     3
       Potion            ||     3
 Stab: Sleeping          ||    14
  Eat: Chunk             ||     7
Dodge: Dodged            ||    65
